 Dungeon Crawl Stone Soup version 0.32-a0-975-g85d4e5bfdb (webtiles) character file.

Game seed: 13591418058632894950

14 jasper the Vexing (level 2, 3/15 HPs)
             Began as a Deep Elf Enchanter on Apr 19, 2024.
             Quit the game on level 2 of the Dungeon.
             The game lasted 00:01:32 (459 turns).

jasper the Vexing (Deep Elf Enchanter)               Turns: 459, Time: 00:01:33

Health: 3/15       AC:  2    Str:  5    XL:     2   Next: 31%
Magic:  8/8        EV: 12    Int: 19    God:
Gold:   29         SH:  0    Dex: 15    Spells: 7/7 levels left

rFire   . . .        a - +1 dagger
rCold   . . .        (no shield)
rNeg    . . .        b - +0 robe
rPois   .            (no helmet)
rElec   .            (no cloak)
rCorr   .            (no gloves)
SInv    .            (no boots)
Will    +....        (no amulet)
Stlth   +++          e - ring of willpower
HPRegen 0.22/turn    (no ring)
MPRegen 0.11/turn

%: no passive effects
@: no status effects
A: no striking features
a: no special abilities


You were on level 2 of the Dungeon.
You visited 1 branch of the dungeon, and saw 2 of its levels.

You collected 29 gold pieces.

Inventory:

Hand Weapons
 a - a +1 dagger (weapon)
Missiles
 f - 6 boomerangs (quivered)
Armour
 b - a +0 robe (worn)
Jewellery
 d - a ring of fire
 e - a ring of willpower (left hand)
Potions
 c - 2 potions of invisibility
 g - a potion of curing {unknown}


   Skills:
 - Level 1.0 Short Blades
 + Level 2.7 Dodging
 - Level 4.0 Stealth
 + Level 3.3 Spellcasting
 + Level 4.2 Hexes


You had 7 spell levels left.
You didn't know any spells.
Your spell library contained the following spells:

 Spells                   Type           Power      Damage    Failure   Level
 Confusing Touch          Hex            19%        N/A       8%          3
 Tukima's Dance           Hex            19%        N/A       8%          3
 Ensorcelled Hibernation  Hex/Ice        22%        N/A       10%         2
 Dazzling Flash           Conj/Hex       22%        N/A       19%         3


Dungeon Overview and Level Annotations

Branches:
Dungeon (1/15)

Altars:


Message History

The bat hits you but does no damage.
You hit the bat.
The bat is moderately wounded.
The bat hits you but does no damage. The bat closely misses you.
The bat barely misses you.
You hit the bat.
You kill the bat!
g - a fizzy puce potion
h - a scroll labelled AWIOSU AGEIDAX
As you read the scroll labelled AWIOSU AGEIDAX, it dissolves into smoke.
It was a scroll of fog.
Unknown command.
HP restored.
A kobold comes into view. It is wielding a +0 club.
Found a stone staircase leading down.
Health restored: 15 A goblin comes into view.
It is wielding a +0 club.
The kobold shouts!
You hit the kobold.
The kobold is moderately wounded.
The kobold closely misses you.
You closely miss the kobold.
The kobold is moderately wounded.
The kobold barely misses you.
You hit the kobold.
The kobold is severely wounded.
The kobold hits you with a +0 club.
You take 2 damage, and have 13/15 hp.
You closely miss the kobold.
The kobold is severely wounded.
The kobold hits you with a +0 club. The goblin hits you with a +0 club.
You take 6 damage, and have 7/15 hp.
MASSIVE DAMAGE!!
You closely miss the kobold.
The kobold is severely wounded.
The goblin barely misses you. The kobold hits you with a +0 club.
* * * LOW HITPOINT WARNING * * *
You take 4 damage, and have 3/15 hp.
MASSIVE DAMAGE!!
Welcome back, jasper the Deep Elf Enchanter.
Press ? for a list of commands and other information.
Are you sure you want to abandon this character and quit the game? (Confirm with "yes".)

#.##.# #.##.# .#.#
#.##.# ###.... #.##.#
....... ########....#
....... .........#..#
.......
###...####..#####..>....
#ß...ß# #.....#g.......
##...## ##.....@K......
#...##.....###........
##...##.###.# #........
#ß...ß# #.# ###......
###...#### ### ##....
ß##...##ß###ß# ....
.............. ##.
....⌠.........
..............


You could see a goblin and a kobold.

Vanquished Creatures
  An endoplasm (D:1)
  4 goblins
  2 kobolds (D:1)
  A quokka (D:1)
  3 ball pythons
  A bat (D:2)
  A rat (D:1)
13 creatures vanquished.

Notes
Turn   | Place    | Note
-------+----------+-------------------------------------------
     0 | D:1      | jasper the Deep Elf Enchanter began the quest for the Orb.
     0 | D:1      | Reached XP level 1. HP: 10/10 MP: 6/6
   333 | D:1      | Reached XP level 2. HP: 15/15 MP: 8/8
   391 | D:1      | You fall into a shaft and drop 1 floor!
   459 | D:2      | Quit the game

Illustrated notes

Levels and vault maps discovered:
D:1:      psy_arrival_statuary, layout_basic,
          shapermc_ecumenical_altar_flowoftime
D:2:      layout_rooms, serial_shops, shop, shop, shop, serial_corexii_hall,
          corexii_hall_statues_x, corexii_hall_statues_i

Skill      XL: |  1 |
---------------+----+-----
Stealth        | 4 |  4.0
Short Blades   | |  1.0
Dodging        | |  2.7
Spellcasting   | |  3.3
Hexes          | |  4.2

Action                     || total
---------------------------++-------
  Melee: Dagger            ||    38
    Use: Scroll            ||     1
   Stab: Sleeping          ||     2
 Armour: Robe              ||    29
  Dodge: Dodged            ||    28

Table legend: (Time is in decaauts)
 A = Elapsed time spent in this place.
 B = Non-inter-level travel time spent in this place.
 C = Inter-level travel time spent in this place.
 D = Time resting spent in this place.
 E = Time spent auto-exploring this place.
 F = Levels seen in this place.
 G = Mean time per level.
                   A        B        C        D        E       F      G
               +--------+--------+--------+--------+--------+-----+--------+
         Total |    456 |    456 |      0 |     20 |    309 |   2 |  228.0 |
       Dungeon |    456 |    456 |      0 |     20 |    309 |   2 |  228.0 |
               +--------+--------+--------+--------+--------+-----+--------+

Top non-repeatable levels by time:
     D:1: 389 daAuts
     D:2: 67 daAuts
